 Dungeon Crawl Stone Soup version 0.29.0-4-gdea44cf6ec (webtiles) character file.

Game seed: 17512397112835126263

222 qw the Chopper (level 5, 0/30 HPs)
             Began as a Tengu Warper on Aug 29, 2022.
             Slain by an iguana (6 damage)
             ... on level 5 of the Dungeon.
             The game lasted 00:00:35 (4767 turns).

qw the Chopper (Tengu Warper)                       Turns: 4767, Time: 00:00:35

Health: 0/30       AC:  8    Str: 14    XL:     5   Next: 99%
Magic:  9/9        EV:  7    Int: 13    God:
Gold:   196        SH:  0    Dex: 13    Spells: 8/8 levels left

rFire   . . .      SeeInvis .   Y - +0 hand axe
rCold   . . .      Faith    .   (no shield)
rNeg    . . .      Spirit   .   h - +0 chain mail
rPois   .          Reflect  .   (helmet restricted)
rElec   .          Harm     .   (no cloak)
rCorr   .          Rampage  .   (no gloves)
Will    .....                   (boots unavailable)
Stlth   ..........              (no amulet)
HPRegen 0.10/turn               (no ring)
MPRegen 0.11/turn               (no ring)

@: flying quickly and evasively, quick
A: beak, talons 3, nimble flight
a: no special abilities


You were on level 5 of the Dungeon.
You visited 1 branch of the dungeon, and saw 5 of its levels.

You collected 196 gold pieces.


Innate Abilities, Weirdness & Mutations

You have a beak for a mouth.
You have claws for feet.
Your magical nature lets you fly swiftly and evasively.


   Skills:
 - Level 2.0 Fighting
 + Level 6.3 Axes
 - Level 1.0 Throwing
 - Level 2.0 Armour
 - Level 2.1 Dodging
 - Level 2.0 Spellcasting
 - Level 2.4 Translocations


You had 8 spell levels left.
You didn't know any spells.
Your spell library contained the following spells:

 Spells                   Type           Power      Damage    Failure   Level
 Blink                    Tloc           14%        N/A       98%         2
 Gell's Gravitas          Tloc           7%         N/A       100%        3
 Lesser Beckoning         Tloc           7%         N/A       100%        3
 Teleport Other           Tloc           7%         N/A       100%        3
 Manifold Assault         Tloc           7%         N/A       100%        5

Inventory:

Hand Weapons
 b - a +0 flail
 Y - a +0 hand axe (weapon)
Armour
 h - a +0 chain mail (worn)
Jewellery
 g - a ring of fire
Scrolls
 a - a scroll of identify
Potions
 c - a potion of curing
 e - a potion of resistance
 f - a potion of might
 j - a potion of haste {unknown}
 o - a potion of brilliance {unknown}

Dungeon Overview and Level Annotations

Branches:
Dungeon (5/15)
 Temple: D:4-7

Altars:
Gozag
Kikubaaqudgha
Yredelemnul

Annotations:
D:3 1 runed translucent door
D:5 1 transporter, qw's ghost, novice TeWr


Message History

There is an entrance to a sewer on this level.
Hurry and find it before the portal rusts away!
Qw's ghost turns its malevolent gaze towards you.
Found 8 stones.
There is a stone staircase leading up here.
Existing waypoints: (1) D:2 (2) D:4 Assign waypoint to what number? (0-9, D - delete waypoint) Waypoint 1 re-assigned from D:2 to D:5.
Enter note:
4752 ||| PLANNING SEWER An iguana comes into view.
The iguana hisses angrily.
Enter note: An orc comes into view. It is wielding a +0 club.
You hit the iguana. Your peck misses the iguana.
The iguana is moderately wounded.
The iguana bites you!
You barely miss the iguana. Your kick misses the iguana. You peck the iguana.
The iguana is heavily wounded.
The iguana bites you!
You hit the iguana.
The iguana is heavily wounded.
The iguana barely misses you.
You hit the iguana but do no damage. Your kick misses the iguana.
The iguana is heavily wounded.
You hit the orc. The iguana bites you. The orc hits you but does no damage.
You closely miss the iguana.
The iguana is heavily wounded.
You hit the orc. The iguana barely misses you.
The orc hits you but does no damage.
You closely miss the iguana.
The iguana is heavily wounded.
You hit the orc but do no damage. The iguana bites you.
The orc hits you but does no damage.
You hit the iguana.
The iguana is severely wounded.
You hit the orc. The iguana bites you.
You die...

......#...#......
....W#^..#.....#
....#.........#
#.W#.........#
.###..#..<......#
.Z..Z.#.........#
.....#.........#
#######...#######
.......@l.#
........o......
...............
...............
..........#8###
.!........###
..........#
#######...#


You could see an iguana and an orc.

Vanquished Creatures
  A hound (D:4)
  Jessica (D:2)
  2 orc wizards (D:4)
  3 adders
  An ufetubus (D:4)
  A worm (D:2)
  2 dart slugs (D:2)
  8 orcs
  3 endoplasms
  3 giant cockroaches
  6 hobgoblins
  3 jackals (D:4)
  4 quokkas
  8 ball pythons
  4 bats
  3 frilled lizards
  9 goblins
  A jackal zombie (D:3)
  4 kobolds
  4 rats
71 creatures vanquished.

Notes
Turn   | Place    | Note
-------+----------+-------------------------------------------
     0 | D:1      | qw the Tengu Warper began the quest for the Orb.
     0 | D:1      | Reached XP level 1. HP: 12/12 MP: 4/4
     0 | D:1      | 0 ||| qw: Version: 0.1-a-89-g26bdef1
     0 | D:1      | 0 ||| qw: Game counter: 3637
     0 | D:1      | 0 ||| qw: Always use a shield: true
     0 | D:1      | 0 ||| qw: God list: Okawaru
     0 | D:1      | 0 ||| qw: Allow faded altars: false
     0 | D:1      | 0 ||| qw: Do Orc after D:15 true
     0 | D:1      | 0 ||| qw: Do second Lair branch before Depths: true
     0 | D:1      | 0 ||| qw: Lair rune preference: random
     0 | D:1      | 0 ||| qw: Plans: Normal
     0 | D:1      | 0 ||| PLANNING D:1-11
     9 | D:1      | 9 ||| Stepping ~*~*~tactically~*~*~ (stealth).
    76 | D:1      | HP: 3/12 [quokka (4)]
   417 | D:1      | Reached XP level 2. HP: 17/17 MP: 6/6
   421 | D:1      | Reached skill level 3 in Axes
   557 | D:1      | Found a faded altar of an unknown god.
   846 | D:1      | 846 ||| UPGRADING to +0 ring mail.
   856 | D:1      | 856 ||| DROPPING +0 leather armour.
   857 | D:1      | 857 ||| UPGRADING to +0 chain mail.
   867 | D:1      | 867 ||| DROPPING +0 ring mail.
   868 | D:1      | 868 ||| READING scroll labelled LIXZUA SAGUFA.
   869 | D:1      | 869 ||| DROPPING scroll of blinking.
   884 | D:2      | 884 ||| STAIRDANCE
   894 | D:2      | Reached XP level 3. HP: 17/21 MP: 7/7
   894 | D:2      | 894 ||| STAIRDANCE
   948 | D:2      | 948 ||| Stepping ~*~*~tactically~*~*~ (stealth).
  1084 | D:2      | 1084 ||| Stepping ~*~*~tactically~*~*~ (stealth).
  1091 | D:2      | Found an opulent altar of Gozag.
  1170 | D:2      | Reached skill level 4 in Axes
  1187 | D:2      | Noticed Jessica
  1197 | D:2      | Killed Jessica
  1198 | D:2      | Reached XP level 4. HP: 19/26 MP: 8/8
  1710 | D:2      | 1710 ||| READING scroll labelled VAEMAK QICETAF.
  1711 | D:2      | 1711 ||| DRINKING 2 golden potions.
  1757 | D:2      | 1757 ||| Stepping randomly (stuck).
  1773 | D:2      | Reached skill level 5 in Axes
  2008 | D:3      | 2008 ||| Stepping ~*~*~tactically~*~*~ (stealth).
  2350 | D:3      | 2350 ||| Stepping ~*~*~tactically~*~*~ (stealth).
  2375 | D:3      | Found a runed translucent door.
  2375 | D:3      | Noticed a human
  2435 | D:3      | Found a basalt altar of Yredelemnul.
  2766 | D:3      | 2766 ||| READING scroll labelled VOIRUU XUQEA.
  2767 | D:3      | 2767 ||| READING scroll labelled IRANAV POISIH.
  2768 | D:3      | 2768 ||| READING scroll labelled GOUSTU HEVUYS.
  2769 | D:3      | 2769 ||| READING 2 scrolls labelled QODITA ELET.
  2770 | D:3      | 2770 ||| READING scroll labelled AWYGODEUDO.
  2773 | D:3      | 2773 ||| READING scroll labelled ICKAUNGO VOIRGHAEN.
  2874 | D:3      | 2874 ||| READING 2 scrolls of identify.
  2874 | D:3      | 2874 ||| IDENTIFYING grey potion
  2875 | D:3      | 2875 ||| DROPPING potion of flight.
  2876 | D:3      | 2876 ||| DROPPING scroll of noise.
  2899 | D:2      | 2899 ||| Stepping randomly (stuck).
  2921 | D:4      | Found an ancient bone altar of Kikubaaqudgha.
  3233 | D:4      | 3233 ||| DROPPING +0 mace.
  3512 | D:4      | 3512 ||| Stepping ~*~*~tactically~*~*~ (stealth).
  3515 | D:4      | 3515 ||| Stepping ~*~*~tactically~*~*~ (stealth).
  3520 | D:4      | Gained mutation: Your magical nature lets you fly swiftly
                  | and evasively. [Tengu growth]
  3520 | D:4      | Reached XP level 5. HP: 30/30 MP: 9/9
  4021 | D:4      | Reached skill level 6 in Axes
  4716 | D:4      | 4716 ||| READING scroll labelled SEUSOSS NERYAPOE.
  4717 | D:4      | 4717 ||| READING 4 scrolls of identify.
  4717 | D:4      | 4717 ||| IDENTIFYING cyan potion
  4718 | D:4      | 4718 ||| READING 3 scrolls of identify.
  4718 | D:4      | 4718 ||| IDENTIFYING viscous inky potion
  4719 | D:4      | 4719 ||| READING 2 scrolls of identify.
  4719 | D:4      | 4719 ||| IDENTIFYING bubbling cyan potion
  4720 | D:4      | 4720 ||| DROPPING potion of attraction.
  4751 | D:5      | Entered Level 5 of the Dungeon
  4751 | D:5      | Noticed qw's ghost (novice TeWr)
  4751 | D:5      | Found a transporter.
  4752 | D:5      | 4752 ||| PLANNING SEWER
  4766 | D:5      | HP: 6/30 [iguana (5)]
  4767 | D:5      | Slain by an iguana

Levels and vault maps discovered:
D:1:      tarquinn_simple_flora_water_e, layout_rooms,
          shapermc_ecumenical_altar_notcrosses
D:2:      layout_loops_ring, basic_altar, uniq_jessica
D:3:      layout_basic, dk_yredelemnul_ordeal, moated_statue, nicolae_titane
D:4:      minmay_spotlight, layout_layer_cave,
          nicolae_kikubaaqudgha_miasma_corner
D:5:      layout_basic, mainiacjoe_overflow_paths,
          nicolae_dithmenos_the_darkroom, portal_sewer_entry_f,
          serial_corexii_hall, chequers_hall_statues_wall_a,
          corexii_hall_statues_x, gammafunk_ghost_mausoleum

Skill      XL: |  1  2  3  4  5 |
---------------+----------------+-----
Axes           | 3 4 5 6 |  6.3
Armour         | 2 |  2.0
Fighting       | |  2.0
Throwing       | |  1.0
Dodging        | |  2.1
Spellcasting   | |  2.0
Translocations | |  2.4

Action                   |  1- 3 |  4- 6 || total
-------------------------+-------+-------++-------
Melee: Hand axe          |    47 |   139 ||   186
       Kick              |    15 |    34 ||    49
       Peck              |     9 |    17 ||    26
Throw: Boomerang         |     7 |       ||     7
  Use: Scroll            |     1 |    12 ||    13
       Potion            |       |     1 ||     1
Armor: Leather armour    |     8 |       ||     8
       Chain mail        |     8 |    65 ||    73
Dodge: Dodged            |    11 |    33 ||    44

Table legend:
 A = Non-vault XP
 B = Vault XP
 C = Vault XP percentage of total XP
 D = Non-vault monster count
 E = Vault monster count
 F = Vault count percentage of total count
                 A         B        C        D         E       F
            +---------+---------+-------+---------+---------+-------
      Total |     272 |      46 |  14.5 |      64 |       7 |   9.9
            +---------+---------+-------+---------+---------+-------
        D:1 |      30 |       0 |   0.0 |      12 |       0 |   0.0
        D:2 |      50 |      37 |  42.5 |      19 |       1 |   5.0
        D:3 |      25 |       1 |   3.8 |      14 |       1 |   6.7
        D:4 |     167 |       8 |   4.6 |      19 |       5 |  20.8
            +---------+---------+-------+---------+---------+-------
